 Dungeon Crawl Stone Soup version 0.18.1-8-gdd0e5ea (webtiles) character file.

387 MirrMurr the Sneak (level 6, -8/30 HPs)
             Began as a Spriggan Enchanter on June 8, 2016.
             Was an Initiate of Ashenzari.
             Mangled by an ogre
             ... wielding a +0 giant club
              (26 damage)
             ... on level 4 of the Dungeon.
             The game lasted 00:07:59 (3509 turns).

MirrMurr the Sneak (Spriggan Enchanter)             Turns: 3509, Time: 00:07:59

Health: -8/30      AC:  3    Str:  5    XL:     6   Next: 49%
Magic:  9/13       EV: 20    Int: 18    God:    Ashenzari [......]
Gold:   133        SH:  0    Dex: 16    Spells: 4 memorised, 4 levels left

rFire  . . .     SeeInvis +     a - +3 dagger
rCold  . . .     Gourm    .     b - +1 robe
rNeg   . . .     Faith    .     (shield restricted)
rPois  .         Spirit   .     (helmet restricted)
rElec  .         Dismiss  .     (no cloak)
rCorr  .         Reflect  .     (gloves unavailable)
SustAt .         Harm     .     (boots unavailable)
MR     +....                    (no amulet)
Stlth  +++.......               (no ring)
                                (no ring)

@: very quick, somewhat resistant to hostile enchantments, fairly stealthy
A: unfitting armour, see invisible, herbivore 3, speed 3, slow metabolism 2
a: Curse Item, Renounce Religion


You were on level 4 of the Dungeon.
You worshipped Ashenzari.
Ashenzari was noncommittal.
You were full.

You visited 1 branch of the dungeon, and saw 4 of its levels.

You collected 133 gold pieces.

Inventory:

Hand Weapons
 a - a +3 dagger (weapon)
Armour
 b - a +1 robe (worn)
Scrolls
 h - 2 scrolls of teleportation
 n - a scroll of blinking
Potions
 e - a potion of invisibility
 g - a potion of brilliance
 i - a potion of degeneration {unknown}
 j - a potion of curing {unknown}
 k - 3 potions of heal wounds {unknown}
 l - a potion of flight {unknown}
 o - a potion of agility {unknown}
Books
 c - a book of Maledictions

   Spells                             Type                      Level
   a - Corona                         Hexes                        1
   b - Ensorcelled Hibernation        Hexes/Ice                    2
   c - Confuse                        Hexes                        3
   d - Tukima's Dance                 Hexes                        3
   e - Dazzling Spray                 Conjuration/Hexes            3
Comestibles
 d - 2 bread rations
 f - a slice of pizza


   Skills:
 + Level 2.2 Fighting
 + Level 3.1 Short Blades
 + Level 5.1 Dodging
 + Level 5.4 Stealth
 + Level 4.2 Spellcasting
 + Level 4.7 Hexes


You had 4 spell levels left.
You knew the following spells:

 Your Spells              Type           Power        Failure   Level  Hunger
a - Ensorcelled Hibernat  Hex/Ice        ##....       12%         2    ##.....
b - Confuse               Hex            ###.....     10%         3    ###....
c - Corona                Hex            ###....      1%          1    None
d - Dazzling Spray        Conj/Hex       ##......     21%         3    ###....


Dungeon Overview and Level Annotations

Branches:
Dungeon (4/15)
 Temple: D:4-7

Altars:
Ashenzari
Ru


Innate Abilities, Weirdness & Mutations

You are tiny and cannot use many weapons and most armour.
You have supernaturally acute eyesight.
You are a herbivore.
You cover ground extremely quickly.
You need consume almost no food.


Message History

The orc is unaffected.
You hit the orc.
The orc is heavily wounded.
The orc hits you with a hand axe.
You closely miss the orc.
The orc is heavily wounded.
The orc closely misses you.
You barely miss the orc.
The orc is heavily wounded.
You hit the orc.
You kill the orc!
The ogre misses you.
Things that are here:
an uncursed hand axe an uncursed ring mail of positive energy You hit the ogre.
The ogre is lightly wounded.
The orc misses you. The ogre hits you with a giant club!!
Ouch! That really hurt!
You die...

.# #.# ### ###.## .# #.#
#.# #....# .# ###.#####
#.# ####.# .#
###.....O.###.# #.# ..
......)o.o....# #.# ..
###.#.##o####o# #.#
..... #.# #o# #+# #.# #
#.. #.# #O# #.# #.# ###
#.# #@# #.# #.# #.# #.#
#.# #.#
..####.###.######.#
...................#####
.#####.####......(..>...
#. #....##.#####. #.
##.#.##.# #. #.
###.#.##.# #. #.
#.....##.# #.


You could see an ogre and 2 orcs.

Vanquished Creatures
  An ogre (D:4)
  An orc priest (D:4)
  3 orc wizards
  A worker ant (D:3)
  5 adders
  2 oozes
  2 adder skeletons (D:4)
  A worm (D:2)
  A dart slug (D:1)
  3 giant geckos
  23 orcs
  2 giant cockroaches
  6 goblins
  7 hobgoblins
  5 jackals
  2 kobolds
  2 quokkas
  2 ball pythons (D:1)
  5 bats
  6 giant newts
  7 rats
87 creatures vanquished.

Notes
Turn   | Place    | Note
--------------------------------------------------------------
     0 | D:1      | MirrMurr the Spriggan Enchanter began the quest for the Orb.
     0 | D:1      | Reached XP level 1. HP: 9/9 MP: 5/5
   287 | D:1      | Reached XP level 2. HP: 14/14 MP: 6/6
   307 | D:1      | Learned a level 2 spell: Ensorcelled Hibernation
  1179 | D:2      | Reached XP level 3. HP: 17/17 MP: 8/8
  1184 | D:2      | Learned a level 3 spell: Confuse
  1215 | D:2      | Reached skill level 1 in Fighting
  1394 | D:2      | Found a faded altar to an unknown god.
  1660 | D:3      | Reached XP level 4. HP: 11/22 MP: 7/10
  1669 | D:3      | Learned a level 3 spell: Dazzling Spray
  2328 | D:3      | Reached XP level 5. HP: 10/25 MP: 6/11
  3097 | D:3      | Found a sacrificial altar of Ru.
  3097 | D:3      | Found a shattered altar of Ashenzari.
  3100 | D:3      | Became a worshipper of Ashenzari the Shackled
  3139 | D:3      | Reached skill level 5 in Stealth
  3221 | D:4      | Noticed an ogre
  3239 | D:4      | Killed an ogre
  3239 | D:4      | Reached XP level 6. HP: 30/30 MP: 6/13
  3260 | D:4      | Reached skill level 5 in Dodging
  3509 | D:4      | Mangled by an ogre

Skill      XL: |  1  2  3  4  5  6 |
---------------+-------------------+-----
Spellcasting   | 3 4 |  4.2
Fighting       | 1 2 |  2.2
Dodging        | 4 5 |  5.1
Hexes          | 4 |  4.7
Short Blades   | 2 3 |  3.1
Stealth        | 5 |  5.4

Action                   |  1- 3 |  4- 6 || total
-------------------------+-------+-------++-------
Melee: Dagger            |   164 |   191 ||   355
 Cast: Corona            |     4 |     4 ||     8
       Ensorcelled Hiber |     1 |    21 ||    22
  Use: Scroll            |     5 |     5 ||    10
 Stab: Sleeping          |    12 |    19 ||    31
  Eat: Bread ration      |       |     1 ||     1
       Fruit             |       |     1 ||     1
Armor: Robe              |    22 |     8 ||    30
Dodge: Dodged            |   147 |   130 ||   277
